 Dungeon Crawl Stone Soup version 0.24.1-14-gf8d2b509d9 (webtiles) character file.

Game seed: 6091028526358240293, levelgen mode: deterministic

367 Chiseanne the Ducker (level 6, -9/33 HPs)
             Began as a Spriggan Monk on Dec 1, 2020.
             Mangled by an ogre
             ... wielding a +0 giant club
              (24 damage)
             ... on level 5 of the Dungeon.
             The game lasted 00:10:42 (3356 turns).

Chiseanne the Ducker (Spriggan Monk)                Turns: 3356, Time: 00:10:43

Health: -9/33      AC:  3    Str: 15    XL:     6   Next: 41%
Magic:  7/7        EV: 23    Int: 11    God:
Gold:   189        SH:  3    Dex: 19    Spells: 5/5 levels left

rFire    . . .     SeeInvis +     - Unarmed
rCold    . . .     Gourm    .   (shield restricted)
rNeg     . . .     Faith    .   a - +1 robe
rPois    +         Spirit   .   (helmet restricted)
rElec    .         Reflect  +   (no cloak)
rCorr    .         Harm     .   (gloves unavailable)
MR       +....                  (boots unavailable)
Stlth    +++.......             o - +3 amulet of reflection
HPRegen  0.11/turn              g - +6 ring of strength
MPRegen  0.10/turn              e - ring of poison resistance

@: very quick
A: very small, unfitting armour, see invisible, herbivore, speed 3, slow
metabolism 2
a: no special abilities


You were on level 5 of the Dungeon.
You were full.

You visited 1 branch of the dungeon, and saw 5 of its levels.

You collected 189 gold pieces.

Inventory:

Hand Weapons
 i - a +0 hunting sling
 s - a +0 short sword
Missiles
 c - 36 arrows
 d - 18 sling bullets
 t - 25 bolts
 u - 3 boomerangs (quivered)
Armour
 a - a +1 robe (worn)
Jewellery
 e - a ring of poison resistance (right hand)
 g - a +6 ring of strength (left hand)
 o - a +3 amulet of reflection (around neck)
 q - an uncursed ring of magical power
Scrolls
 f - a scroll of identify
 j - 2 scrolls of enchant armour
 m - a scroll of amnesia
 r - 2 scrolls of enchant weapon
 v - a scroll of silence {unknown}
Potions
 h - a potion of might {unknown}
 k - 2 potions of curing {unknown}
 l - a potion of heal wounds
 n - a potion of flight {unknown}
 p - a potion of lignification {unknown}
Comestibles
 b - 2 rations


   Skills:
 * Level 3.8 Fighting
 * Level 6.6 Dodging
 + Level 5.0 Stealth
 * Level 3.7 Unarmed Combat


You had 5 spell levels left.
You didn't know any spells.
Your spell library was empty.

Dungeon Overview and Level Annotations

Branches:
Dungeon (5/15)
 Temple: D:4-7

Altars:
Kikubaaqudgha
Yredelemnul

Annotations:
D:5 exclusion: 2 phantoms


Innate Abilities, Weirdness & Mutations

You are very small and have problems with some larger weapons.
You are too small for most types of armour.
You have supernaturally acute eyesight. (SInv)
You are a herbivore.
You cover ground extremely quickly.
You need to consume almost no food.


Message History

You block the ogre's attack.
You hit the ogre.
The ogre is heavily wounded.
The ogre closely misses you.
You hit the ogre.
The ogre is severely wounded.
The howler monkey hoots and howls with incredible vigour!
You hear a shout!
You hit the ogre.
The ogre is severely wounded.
The ogre barely misses you.
You hit the ogre.
The ogre is severely wounded.
The ogre hits you with a +0 giant club!!
Ouch! That really hurt!
You hit the ogre but do no damage.
The ogre is severely wounded.
The ogre hits you with a +0 giant club!!
Ouch! That really hurt!
You die...

......##.# ### .....
#.# .... #.# #########
... #.#####.......) ..
#.............# #
#.............#
#.............#
#.#######.....#......#
#.#hO@........#......#
#.#c####.)....#.......
#.#(####......#......)
#..c..........#.......
##....#############+#.
#.......... #.
#...h...... #.
#.......... #.
#.......c.. #.


You could see an ogre, a centaur and a howler monkey.

Vanquished Creatures
  2 orc priests (D:4)
  A centaur skeleton (D:5)
  A hound (D:5)
  2 orc wizards (D:5)
  2 worker ants (D:4)
  A worker ant zombie (D:5)
  5 adders
  An adder skeleton (D:4)
  A worm (D:3)
  2 dart slugs
  A leopard gecko (D:1)
  7 orcs
  6 giant cockroaches
  12 hobgoblins
  5 jackals
  4 quokkas
  4 bats
  5 frilled lizards
  10 goblins
  A jackal zombie (D:5)
  5 kobolds
  A quokka skeleton (D:4)
  6 rats
85 creatures vanquished.

Vanquished Creatures (others)
  A human (D:2)
1 creature vanquished.

Grand Total: 86 creatures vanquished

Notes
Turn   | Place    | Note
-------+----------+-------------------------------------------
     0 | D:1      | Chiseanne the Spriggan Monk began the quest for the Orb.
     0 | D:1      | Reached XP level 1. HP: 11/11 MP: 2/2
   264 | D:1      | Reached XP level 2. HP: 9/16 MP: 3/3
  1039 | D:2      | Reached skill level 5 in Dodging
  1039 | D:2      | Reached XP level 3. HP: 18/19 MP: 4/4
  1205 | D:2      | Found an ancient bone altar of Kikubaaqudgha.
  1206 | D:2      | Noticed a human
  1210 | D:2      | Killed a human
  1370 | D:2      | Reached XP level 4. HP: 17/24 MP: 5/5
  2234 | D:4      | Reached XP level 5. HP: 28/28 MP: 6/6
  2410 | D:4      | Reached skill level 6 in Dodging
  2499 | D:4      | Found a basalt altar of Yredelemnul.
  2676 | D:4      | Noticed a phantom
  2871 | D:5      | Entered Level 5 of the Dungeon
  2889 | D:5      | Noticed a phantom
  2929 | D:5      | Noticed a phantom
  3019 | D:5      | Reached XP level 6. HP: 25/32 MP: 7/7
  3189 | D:5      | Reached skill level 5 in Stealth
  3356 | D:5      | Mangled by an ogre

Levels and vault maps discovered:
D:1:      minmay_arrival_up_and_down, layout_rooms, minmay_tromino_i2
D:2:      layout_basic, tgw_kikubaaqudgha
D:3:      layout_basic
D:4:      layout_rooms, nicolae_overflow_crystal_walls
D:5:      layout_basic, minmay_temple_entry_stoned_glass, first_ration,
          nrook_campfire, kennysheep_generic_room_14

Skill      XL: |  1  2  3  4  5  6 |
---------------+-------------------+-----
Dodging        | 5 6 |  6.6
Fighting       | 3 |  3.8
Unarmed Combat | 3 |  3.7
Stealth        | 4 5 |  5.0

Action                   |  1- 3 |  4- 6 || total
-------------------------+-------+-------++-------
Melee: Unarmed           |   134 |   246 ||   380
       Punch             |     1 |     3 ||     4
Evoke: Wand              |     3 |     7 ||    10
  Use: Scroll            |     5 |     4 ||     9
       Potion            |       |     1 ||     1
 Stab: Sleeping          |     5 |     9 ||    14
       Distracted        |     1 |       ||     1
  Eat: Ration            |       |     3 ||     3
Armor: Robe              |    10 |    15 ||    25
Dodge: Dodged            |    93 |   209 ||   302
Block: Other             |       |    11 ||    11
       Reflection        |       |     1 ||     1
